 Dungeon Crawl Stone Soup version 0.29-a0-43-g62a80824bf (webtiles) character file.

Game seed: 18241472989030179607

3045 esteth the Frost Mage (level 9, -2/71 HPs)
             Began as a Merfolk Ice Elementalist on Feb 2, 2022.
             Was a High Priest of Jiyva.
             Slain by a human (10 damage)
             ... in a bailey.
             The game lasted 00:16:05 (5926 turns).

esteth the Frost Mage (Merfolk Ice Elementalist)    Turns: 5926, Time: 00:16:06

Health: -2/71      AC:  3    Str:  9    XL:     9   Next: 87%
Magic:  21/21      EV: 12    Int: 18    God:    Jiyva [*****.]
Gold:   347        SH:  0    Dex: 14    Spells: 12/20 levels left

rFire   . . .      SeeInvis .   j - +2 rapier (drain)
rCold   . . .      Faith    .   (no shield)
rNeg    . . .      Spirit   .   a - +0 robe
rPois   +          Reflect  .   h - +2 hat
rElec   .          Harm     .   (no cloak)
rCorr   +          Rampage  .   (no gloves)
Will    .....                   (no boots)
Stlth   +++.......              i - amulet of regeneration
HPRegen 2.45/turn               k - ring of flight
MPRegen 0.62/turn               (no ring)

@: freezing walls, flying
A: (nimble swimmer 2), mertail, high MP 2, poison resistance, pseudopods 3,
translucent skin 1
a: Renounce Religion, Oozemancy, Slimify


You were in a bailey.
You worshipped Jiyva.
Jiyva was extremely pleased with you.
You visited 1 branch of the dungeon, and saw 9 of its levels.
You also visited: Bailey.

You collected 347 gold pieces.

Inventory:

Hand Weapons
 c - a +1 short sword of protection
 j - a +2 rapier of draining (weapon)
Armour
 a - a +0 robe (worn)
 h - a +2 hat (worn)
Jewellery
 i - an amulet of regeneration (around neck)
 k - a ring of flight (left hand)
Scrolls
 b - 3 scrolls of magic mapping {unknown}
 d - 2 scrolls of fog {unknown}
 e - a scroll of noise {unknown}
 f - 2 scrolls of amnesia {unknown}
 g - a scroll of immolation {unknown}
 m - 2 scrolls of blinking {unknown}
 n - a scroll of torment {unknown}
 o - a scroll of fear {unknown}
 p - 2 scrolls of identify {unknown}
 r - a scroll of teleportation {unknown}
Potions
 q - a potion of might {unknown}


   Skills:
 - Level 6.5 Fighting
 - Level 2.6 Dodging
 - Level 2.1 Stealth
 + Level 3.0 Unarmed Combat
 - Level 6.1 Spellcasting
 + Level 2.2 Conjurations
 - Level 10.9 Ice Magic


You had 12 spell levels left.
You knew the following spells:

 Your Spells              Type           Power      Damage    Failure   Level
a - Freeze                Ice            100%       1d11      1%          1
b - Frozen Ramparts       Ice            88%        1d10      1%          3
c - Ozocubu's Armour      Ice            44%        N/A       1%          3
d - Magic Dart            Conj           52%        1d5       4%          1

Your spell library contained the following spells:

 Spells                   Type           Power      Damage    Failure   Level
 Ensorcelled Hibernation  Hex/Ice        50%        N/A       1%          2
 Searing Ray              Conj           26%        2d5       7%          2
 Hailstorm                Conj/Ice       29%        3d8       8%          4
 Spider Form              Tmut/Pois      5%         N/A       34%         3
 Fulminant Prism          Conj/Hex       4%         3d6       58%         4
 Anguish                  Hex/Necr       2%         N/A       75%         4


Dungeon Overview and Level Annotations

Branches:
Dungeon (9/15)             Temple (0/1) D:6          Bailey (1/1)
   Lair: D:8-11         Orc: D:9-12

Altars:
Gozag
Hepliaklqana
Yredelemnul
Jiyva

Shops:
D:7 :   D:8 *


Innate Abilities, Weirdness & Mutations

((You are very nimble when in or above water. (Stealth+, EV+, Speed+++)))
Your lower body shifts to a powerful aquatic tail in water.
You have a considerably increased reservoir of magic. (+20% MP)
Your system is resistant to poisons. (rPois)
Armour fits poorly on your massive pseudopods.
Your translucent skin slightly reduces your foes' accuracy. (Stealth+)


Message History

The hobgoblin shouts! x2; The human shouts!
You hear a shout! x2
You barely miss the hobgoblin. You punch the hobgoblin.
You bludgeon the hobgoblin.
The hobgoblin is almost dead.
The hobgoblin hits you with a +0 war axe.
A human comes into view. It is wielding a +0 war axe.
A human comes into view. It is wielding a +1 vorpal hand axe.
You hit the hobgoblin.
You kill the hobgoblin!
The hobgoblin barely misses you.
You puncture the hobgoblin!
You kill the hobgoblin!
Casting: Ozocubu's Armour (safe; 1% risk of failure)
Confirm with . or Enter, or press ? or * to list all spells.
Casting: Frozen Ramparts (safe; 1% risk of failure)
Press: ? - help, Dir - look around, f - activate The walls around you are covered in ice.
The wall freezes the human.
The human hits you with a +0 war axe.
The wall freezes the human.
The human closely misses you.
You hit the human but do no damage. Your punch misses the human.
Your bludgeon misses the human.
The human is lightly wounded.
The wall freezes the human.
The human hits you with a +0 war axe!
The wall freezes the human.
The human hits you with a +1 vorpal hand axe!
The wall freezes the human!
The human misses you.
The wall freezes the human.
The human barely misses you.
The wall freezes the human.
The human hits you with a +1 vorpal hand axe.
You hit the human. Your bludgeon misses the human.
The human is heavily wounded.
The wall freezes the human!
The human hits you with a +0 war axe!
The wall freezes the human.
The human hits you with a +0 war axe!
* * * LOW HITPOINT WARNING * * *
The wall freezes the human.
The human barely misses you.
You are too injured to fight recklessly!
It was a potion of magic.
Magic courses through your body.
The wall freezes the human.
The human hits you with a +0 war axe!
* * * LOW HITPOINT WARNING * * *
The wall freezes the human!
The human hits you with a +0 war axe!
You die... #### ...## ...## #...# #ppp#

##@.#
######...#
#.......#####
#......##...##
#+#....'..∩..#
######.....#
+..∩..#
##...## #####


You could see 3 humans.

Vanquished Creatures
  Prince Ribbit (D:5)
  Sigmund (D:5)
  2 water moccasins
  Duvessa (D:4)
  2 sky beasts (D:6)
  2 orc warriors
  A hornet zombie (D:6)
  3 ogres
  A centaur (D:6)
  2 phantoms
  2 kobold brigands
  A bullfrog (D:8)
  A gnoll sergeant (D:5)
  5 scorpions
  Dowan (D:4)
  5 killer bees (D:7)
  4 howler monkeys
  A centaur zombie (D:4)
  A gnoll shaman (D:5)
  2 orc priests
  A hound (D:6)
  4 iguanas
  4 orc wizards
  A scorpion zombie (D:3)
  A hound skeleton (D:5)
  7 adders
  14 gnolls
  A shadow imp (D:6)
  2 white imps
  A worm (D:2)
  A dart slug (D:4)
  8 orcs
  4 endoplasms
  4 giant cockroaches
  3 goblins
  10 hobgoblins
  10 quokkas
  5 ball pythons
  4 bats
  A frilled lizard (D:2)
  18 kobolds
  4 rats
147 creatures vanquished.

Vanquished Creatures (others)
  A centaur (D:8)
  A bullfrog (D:7)
  10 jellies
  2 centaur zombies
  A hound (D:5)
  A centaur skeleton (D:7)
  An iguana (D:4)
  2 orc wizards (D:7)
  A scorpion zombie (D:5)
  2 gnolls (D:5)
  A howler monkey skeleton (D:4)
  3 orcs
  A bat (D:3)
  3 goblins
  2 hobgoblins
  A quokka (D:4)
  2 ball pythons
  A kobold (D:3)
36 creatures vanquished.

Grand Total: 183 creatures vanquished

Notes
Turn   | Place    | Note
-------+----------+-------------------------------------------
     0 | D:1      | esteth the Merfolk Ice Elementalist began the quest for the
                  | Orb.
     0 | D:1      | Reached XP level 1. HP: 13/13 MP: 3/3
   190 | D:1      | Reached XP level 2. HP: 15/19 MP: 0/5
   681 | D:1      | Reached skill level 5 in Ice Magic
  1200 | D:1      | Reached XP level 3. HP: 20/24 MP: 4/6
  1265 | D:1      | Learned a level 3 spell: Frozen Ramparts
  1664 | D:2      | Found a faded altar of an unknown god.
  1734 | D:2      | Prayed at the altar of an unknown god.
  1734 | D:2      | Became a worshipper of Jiyva Jecuf the Shapeless
  1734 | D:2      | Reached * piety under Jiyva
  1981 | D:2      | Reached XP level 4. HP: 30/30 MP: 6/8
  1991 | D:2      | Learned a level 3 spell: Ozocubu's Armour
  2015 | D:2      | Reached ** piety under Jiyva
  2374 | D:3      | Reached skill level 6 in Ice Magic
  2377 | D:3      | Reached XP level 5. HP: 21/35 MP: 4/9
  2842 | D:4      | Reached XP level 6. HP: 41/41 MP: 11/11
  2893 | D:4      | Reached *** piety under Jiyva
  2909 | D:4      | Reached skill level 7 in Ice Magic
  2978 | D:4      | Noticed Duvessa
  2980 | D:4      | Noticed Dowan
  2987 | D:4      | Killed Dowan
  2988 | D:4      | Killed Duvessa
  3002 | D:4      | Gained mutation: You have an increased reservoir of magic.
                  | (+10% MP) [Jiyva's grace]
  3002 | D:4      | Gained mutation: You have a considerably increased
                  | reservoir of magic. (+20% MP) [Jiyva's grace]
  3002 | D:4      | Gained mutation: You have a greatly increased reservoir of
                  | magic. (+30% MP) [Jiyva's grace]
  3002 | D:4      | Gained mutation: Your translucent skin slightly reduces
                  | your foes' accuracy. (Stealth+) [Jiyva's grace]
  3208 | D:4      | Found a hazy altar of Hepliaklqana.
  3376 | D:5      | Entered Level 5 of the Dungeon
  3376 | D:5      | Reached **** piety under Jiyva
  3432 | D:5      | Reached XP level 7. HP: 46/46 MP: 12/17
  3484 | D:5      | Reached skill level 8 in Ice Magic
  3848 | D:5      | Noticed Prince Ribbit
  3859 | D:5      | Killed Prince Ribbit
  3860 | D:5      | Reached skill level 5 in Spellcasting
  3860 | D:5      | Reached skill level 9 in Ice Magic
  3860 | D:5      | Reached XP level 8. HP: 47/52 MP: 17/20
  3948 | D:5      | Noticed Sigmund
  3986 | D:5      | Killed Sigmund
  3987 | D:5      | Reached skill level 10 in Ice Magic
  4337 | D:6      | Found a staircase to the Ecumenical Temple.
  4357 | D:6      | Reached XP level 9. HP: 40/57 MP: 18/23
  4481 | D:6      | Reached ***** piety under Jiyva
  4552 | D:6      | Lost mutation: You have a greatly increased reservoir of
                  | magic. (+30% MP) [Jiyva's grace]
  4552 | D:6      | Gained mutation: Your system is resistant to poisons.
                  | (rPois) [Jiyva's grace]
  4552 | D:6      | Gained mutation: Armour fits poorly on your pseudopods.
                  | [Jiyva's grace]
  4552 | D:6      | Gained mutation: Armour fits poorly on your large
                  | pseudopods. [Jiyva's grace]
  4552 | D:6      | Gained mutation: Armour fits poorly on your massive
                  | pseudopods. [Jiyva's grace]
  4658 | D:7      | Reached skill level 5 in Fighting
  4866 | D:7      | Found Xoplukuf's Self-Improvement Boutique.
  4968 | D:7      | Learned a level 1 spell: Magic Dart
  5245 | D:7      | Found a basalt altar of Yredelemnul.
  5249 | D:7      | Found an opulent altar of Gozag.
  5528 | D:8      | Reached skill level 1 in Unarmed Combat
  5543 | D:8      | Reached skill level 1 in Conjurations
  5702 | D:8      | Found Ena Kich's CLEARANCE SALE!.
  5902 | D:9      | Found a flagged portal.
  5910 | Bailey   | Entered a bailey
  5926 | Bailey   | Slain by a human

Illustrated notes

Levels and vault maps discovered:
D:1:      nzn_arrival_water_spiral, layout_basic
D:2:      layout_loops_ring, dreamdust_ecumenical_altar_angels_and_demons
D:3:      minmay_skewed_foursquare, layout_rooms, nicolae_underground_beach
D:4:      layout_basic, mainiacjoe_overflow_24_doors, kennysheep_cross_room,
          uniq_duvessa
D:5:      layout_cave_pods, uniq_sigmund, uniq_prince_ribbit1
D:6:      layout_gridville, minmay_temple_entry_large_hall,
          minmay_strange_pillars, st_stairs_1, grunt_ministairs_11,
          grunt_decor_junction, minivault_25, minmay_misc_feat_iff
D:7:      layout_loops_ring, grunt_temple_overflow_open, hangedman_glass_teeth,
          nicolae_shop_self_help
D:8:      layout_basic, nicolae_shop_clearance
D:9:      layout_basic, due_lair_maze_entry_diamond, enter_bailey_2
Bailey:   bailey_axe_froggy_fort_hellmonk, bailey

Skill      XL: |  1  2  3  4  5  6  7  8  9 |
---------------+----------------------------+-----
Ice Magic      | 5 6 7 9 10 | 10.9
Spellcasting   | 3 4 5 6 |  6.1
Fighting       | 6 |  6.5
Unarmed Combat | 3 |  3.0
Conjurations   | 2 |  2.2
Dodging        | |  2.6
Stealth        | |  2.1

Action                   |  1- 3 |  4- 6 |  7- 9 || total
-------------------------+-------+-------+-------++-------
Melee: Unarmed           |    13 |       |       ||    13
       Short sword       |    63 |       |       ||    63
       Punch             |     1 |     1 |     2 ||     4
       Rapier            |     9 |   110 |   135 ||   254
       Pseudopods        |       |       |     9 ||     9
 Cast: Freeze            |    19 |     8 |     5 ||    32
       Ozocubu's Armour  |       |     8 |    16 ||    24
       Frozen Ramparts   |       |     5 |    31 ||    36
Invok: Oozemancy         |       |       |     1 ||     1
  Use: Potion            |       |       |     5 ||     5
 Stab: Sleeping          |     3 |     3 |     2 ||     8
Armor: Robe              |    27 |    46 |    36 ||   109
Dodge: Dodged            |    64 |   104 |   125 ||   293

Table legend: (Time is in decaauts)
 A = Elapsed time spent in this place.
 B = Non-inter-level travel time spent in this place.
 C = Inter-level travel time spent in this place.
 D = Time resting spent in this place.
 E = Time spent auto-exploring this place.
 F = Levels seen in this place.
 G = Mean time per level.
                   A        B        C        D        E       F      G
               +--------+--------+--------+--------+--------+-----+--------+
         Total |   5959 |   5758 |    201 |     93 |   4494 |  10 |  595.9 |
       Dungeon |   5942 |   5741 |    201 |     93 |   4490 |   9 |  660.2 |
        Bailey |     16 |     16 |      0 |      0 |      4 |   1 |   16.0 |
               +--------+--------+--------+--------+--------+-----+--------+

Top non-repeatable levels by time:
     D:1: 1526 daAuts
     D:5: 892 daAuts
     D:2: 800 daAuts
     D:7: 792 daAuts
     D:4: 576 daAuts
     D:3: 481 daAuts
     D:8: 466 daAuts
     D:6: 399 daAuts
  Bailey: 16 daAuts
     D:9: 7 daAuts
